Map: Newkirk Precinct TE (Void)

Players

Zanster - Winner!

  • Race: Zerg Zerg
  • Spawn Location: 5:00

Sevnin

  • Race: Protoss Protoss
  • Spawn Location: 7:00

Event: IEM XI Katowice - World Championship 2017

VOD

Have the link to the VOD?

Description

Time

  • Played on: Feb. 27, 2017, 8:04 a.m.
  • Length: 8:08

All games in this series

Show
View Real Time Build Order
Export as new Build Order

Zanster Zerg - Winner!

Build Orders: Hatch First 

Get SALT Encoding   

  12  0:00  Drone  
  13  0:13  Overlord  
  13  0:18  Drone  
  14  0:31  Drone x2  
  16  0:50  Hatchery  
  16  0:52  Drone  
  16  0:56  Drone  
  17  1:00  Drone  
  18  1:10  Extractor  
  17  1:17  Spawning Pool  
  16  1:19  Drone  
  16  1:22  Drone  
  18  1:28  Drone  
  19  1:41  Drone  
  20  1:50  Overlord  
  20  2:04  Queen x2  
  20  2:05  Zergling x2  
  20  2:06  Zergling x2  
  26  2:13  Metabolic Boost  
  26  2:18  Drone  
  26  2:20  Drone  
  28  2:24  Drone  
  28  2:26  Drone  
  30  2:33  Drone  
  31  2:39  Drone  
  32  2:50  Hatchery  
  31  2:52  Drone  
  31  2:54  Overlord  
  32  2:59  Drone  
  32  3:00  Drone  
  32  3:04  Queen  
  35  3:14  Zergling x4  
  35  3:15  Drone  
  35  3:16  Drone  
  35  3:18  Drone  
  40  3:21  Drone  
  40  3:22  Drone  
  40  3:26  Overlord  
  42  3:30  Drone x2  
  44  3:37  Roach Warren  
  44  3:38  Drone  
  44  3:43  Lair  
  44  3:48  Drone x2  
  46  3:49  Drone  
  46  3:53  Drone  
  46  3:54  Drone  
  49  3:57  Overlord  
  49  3:59  Drone  
  49  4:01  Drone  
  49  4:02  Drone  
  52  4:07  Overlord  
  52  4:09  Extractor, Drone  
  52  4:10  Drone  
  52  4:12  Drone  
  52  4:16  Drone x2  
  56  4:20  Queen  
  57  4:24  Roach x2  
  57  4:28  Queen  
  63  4:31  Overlord  
  63  4:34  Roach  
  63  4:36  Roach  
  69  4:38  Roach  
  69  4:43  Overseer  
  69  4:44  Overlord  
  69  4:46  Drone  
  69  4:47  Drone x2  
  69  4:49  Roach  
  69  4:51  Overlord  
  74  4:55  Roach  
  74  4:56  Overlord  
  76  5:05  Roach x2  
  76  5:06  Drone  
  85  5:07  Drone x4  
  85  5:09  Extractor  
  85  5:10  Drone x2  
  85  5:11  Extractor  
  85  5:13  Overlord  
  85  5:16  Drone x2  
  87  5:23  Overlord  
  87  5:25  Drone  
  87  5:26  Glial Reconstitution  
  87  5:27  Drone  
  89  5:29  Drone  
  89  5:30  Drone x3  
  89  5:31  Drone x2  
  89  5:33  Extractor  
  89  5:34  Drone  
  95  5:37  Evolution Chamber  
  95  5:38  Drone x2  
  95  5:41  Overlord  
  96  5:45  Drone  
  96  5:46  Overlord  
  97  5:56  Drone  
  98  5:57  Overlord  
  98  5:58  Overseer  
  98  6:01  Roach x7  
  98  6:04  Overlord  
  112  6:07  Roach x2  
  112  6:10  Overlord  
  116  6:12  Roach  
  116  6:13  Roach  
  116  6:17  Overseer  
  120  6:21  Overlord  
  120  6:22  Roach x4  
  128  6:26  Roach  
  130  6:35  Zergling x10  
  130  6:37  Hatchery  
  134  6:43  Ravager  
  134  6:44  Zergling x2, Roach  
  134  6:45  Ravager x2  
  134  6:47  Overlord  
  140  6:52  Roach  
  140  6:53  Roach x2  
  145  6:55  Zergling x2  
  145  6:56  Overlord  
  145  6:57  Overlord  
  145  6:58  Overlord  
  145  7:01  Overlord  
  145  7:05  Ravager  
  145  7:06  Ravager x2  
  148  7:09  Zergling x2, Roach  
  148  7:10  Zergling x2  
  152  7:16  Roach  
  152  7:22  Zergling x6, Roach  
  154  7:23  Zergling x8  
  154  7:29  Zergling x6, Roach  
  152  7:32  Roach  
  151  7:39  Zergling x2, Roach  
  151  7:43  Extractor  
  153  7:44  Overseer, Hydralisk Den  
  153  7:49  Zergling x4  
Show
View Real Time Build Order
Export as new Build Order

Sevnin Protoss 

Build Orders: 1 Gate Expand, Zealot Archon, Dark Templar Rush 

Get SALT Encoding   

  12  0:01  Probe (Chrono Boost)  
  13  0:11  Probe (Chrono Boost)  
  14  0:19  Pylon  
  14  0:24  Probe (Chrono Boost)  
  15  0:37  Probe (Chrono Boost)  
  15  0:41  Gateway  
  16  0:48  Probe (Chrono Boost)  
  17  0:56  Assimilator  
  17  1:02  Probe (Chrono Boost)  
  18  1:13  Probe (Chrono Boost)  
  19  1:24  Nexus  
  19  1:27  Probe (Chrono Boost)  
  20  1:37  Cybernetics Core  
  21  1:40  Probe (Chrono Boost)  
  21  1:46  Pylon  
  21  1:50  Probe (Chrono Boost)  
  22  1:57  Assimilator  
  22  2:01  Probe (Chrono Boost)  
  23  2:12  Adept, Probe (Chrono Boost)  
  26  2:15  Warp Gate  
  26  2:24  Probe (Chrono Boost)  
  27  2:35  Probe (Chrono Boost)  
  28  2:38  Mothership Core (Chrono Boost)  
  28  2:39  Adept  
  32  2:45  Probe (Chrono Boost)  
  33  2:55  Twilight Council  
  33  2:56  Probe x2 (Chrono Boost)  
  35  3:06  Probe x2 (Chrono Boost)  
  37  3:15  Robotics Facility  
  37  3:17  Probe x2 (Chrono Boost)  
  39  3:27  Probe (Chrono Boost)  
  39  3:28  Probe (Chrono Boost)  
  41  3:38  Probe x2 (Chrono Boost)  
  41  3:40  Dark Shrine  
  43  3:43  Gateway  
  43  3:45  Gateway  
  43  3:48  Gateway  
  43  3:50  Probe x2 (Chrono Boost)  
  46  4:03  Warp Prism  
  46  4:11  Pylon  
  46  4:13  Assimilator  
  46  4:14  Assimilator  
  46  4:22  Pylon  
  46  4:23  Pylon  
  46  4:26  Forge  
  46  4:29  Probe (Chrono Boost)  
  48  4:32  Probe (Chrono Boost)  
  48  4:40  Probe (Chrono Boost)  
  48  4:45  Probe (Chrono Boost)  
  50  4:50  Probe (Chrono Boost)  
  51  4:57  Probe (Chrono Boost)  
  51  4:59  Dark Templar x3  
  58  5:00  Dark Templar  
  58  5:01  Probe (Chrono Boost)  
  58  5:07  Blink  
  61  5:09  Protoss Ground Weapons Level 1, Probe (Chrono Boost)  
  61  5:10  Nexus  
  61  5:11  Archon x2  
  61  5:13  Probe (Chrono Boost)  
  63  5:16  Pylon  
  63  5:39  Probe (Chrono Boost)  
  64  5:50  Gateway  
  64  5:51  Gateway  
  64  5:53  Gateway  
  64  5:55  Gateway  
  64  5:56  Stalker x3  
  70  6:10  Stalker  
  72  6:21  Stalker x3  
  78  6:25  Pylon  
  78  6:26  Pylon x2  
  78  6:30  Pylon  
  78  6:43  Stalker  
  80  6:48  Stalker x3  
  80  6:49  Stalker  
  80  6:53  Stalker  
  80  6:54  Stalker  
  92  7:06  Stalker x2  
  96  7:13  Probe (Chrono Boost)  
  98  7:17  Probe (Chrono Boost)  
  88  7:23  Stalker x5  
  77  7:30  Probe (Chrono Boost)  
  77  7:33  Probe (Chrono Boost)  
  70  7:38  Stalker  
  70  7:39  Stalker x2  
  76  7:49  Stalker x3  
  82  7:55  Stalker  
  82  7:56  Sentry  

Tags
 
Add a new tag
Caveats
  • Supply blocks, unpowered buildings, or Contaminate may cause inaccurate times.
  • Supply counts are checked every 10 seconds.